 Dungeon Sprint DCSS version 0.26-a0-660-gc07710193c (webtiles) character file.

Game seed: 17959416950054580972

44 mhtbhm the Shield-Bearer (level 3, -9/55 HPs)
             Began as a Minotaur Fighter on Oct 6, 2020.
             Was an Initiate of Trog.
             Mangled by a sea snake (12 damage)
             ... in the Dungeon (Sprint VII: "The Pits").
             The game lasted 00:00:34 (161 turns).

mhtbhm the Shield-Bearer (Minotaur Fighter)          Turns: 161, Time: 00:00:35

Health: -9/55      AC:  7    Str: 21    XL:     3   Next: 41%
Magic:  2/2        EV:  7    Int:  5    God:    Trog [......]
Gold:   0          SH: 10    Dex:  9    Spells: 2/2 levels left

rFire    . . .     SeeInvis .   a - +0 war axe
rCold    . . .     Faith    .   c - +0 kite shield
rNeg     . . .     Spirit   .   b - +0 scale mail
rPois    .         Reflect  .   (helmet restricted)
rElec    .         Harm     .   (no cloak)
rCorr    .         Rampage  .   (no gloves)
MR       .....     NoTele   +   (no boots)
Stlth    ..........             (no amulet)
HPRegen  0.18/turn              (no ring)
MPRegen  0.08/turn              (no ring)

@: berserking (expiring), lethally poisoned (-9 -> -72), lightly drained, very
quick
A: retaliatory headbutt, horns 2
a: Renounce Religion


You were in the Dungeon.
You worshipped Trog.
Trog was noncommittal.
You visited 1 branch

Inventory:

Hand Weapons
 a - a +0 war axe (weapon)
Armour
 b - a +0 scale mail (worn)
 c - a +0 kite shield (worn)
Scrolls
 j - a scroll of blinking
 l - 3 scrolls of remove curse
 m - a scroll of summoning
Potions
 d - a potion of might
 e - a potion of curing
 f - a potion of heal wounds
 g - a potion of haste
 h - 4 potions of magic
 i - a potion of berserk rage
 k - 2 potions of invisibility


   Skills:
 + Level 5.7(5.1) Fighting
 + Level 3.8(3.3) Axes
 + Level 5.4(4.9) Armour
 + Level 5.8(5.2) Shields


You had 2 spell levels left.
You didn't know any spells.
Your spell library was empty.

Dungeon Overview and Level Annotations

Branches:
Dungeon (1/1)

Altars:
Cheibriados
Dithmenos
Elyvilon
Fedhas
Gozag
Hepliaklqana
Makhleb
Nemelex Xobeh
Okawaru
Qazlal
Ru
Sif Muna
Trog
Vehumet
Wu Jian
Xom
Yredelemnul
Zin
The Shining One
Beogh
Jiyva
Lugonu


Innate Abilities, Weirdness & Mutations

You reflexively headbutt those who attack you in melee.
You have a pair of horns on your head.


Message History

You barely miss the sea snake.
The sea snake is heavily wounded.
You closely miss the wight.
* * * LOW HITPOINT WARNING * * *
You feel sick. The sea snake bites you.
* * * LOW HITPOINT WARNING * * *
You are more poisoned.
The sea snake poisons you!
The wight hits you with a cursed +0 long sword.
* * * LOW HITPOINT WARNING * * *
The wight hits you from afar with a +2 halberd.
* * * LOW HITPOINT WARNING * * *
You feel drained.
You closely miss the sea snake. You headbutt the sea snake!
The sea snake is severely wounded.
You closely miss the wight.
* * * LOW HITPOINT WARNING * * *
You feel very sick. The sea snake bites you!
You die...

)))'.##......#..#......#
####.##................+
.....)'................+
#+#####......#..#......#
#................#
####'#####''######
#.......##''#
#.......##..#
#.......##@.#
#...<...##Sz#
#.......##zz#
#.......##..#
#.......##...
##########.... #...#
#..##


You could see a sea snake and 3 wights.

Vanquished Creatures
  A wight (D)
  An adder skeleton (D)
  A goblin (D)
3 creatures vanquished.

Vanquished Creatures (others)
  A quicksilver dragon (D)
  An orc priest (D)
  2 orcs (D)
4 creatures vanquished.

Grand Total: 7 creatures vanquished

Notes
Turn   | Place    | Note
-------+----------+-------------------------------------------
     0 | D        | mhtbhm the Minotaur Fighter began the quest for the Orb.
     0 | D        | Reached XP level 1. HP: 19/19 MP: 0/0
    11 | D        | Noticed a wight
    36 | D        | Found a bloodstained altar of Trog.
    36 | D        | Found a shimmering blue altar of Sif Muna.
    36 | D        | Found a viscous altar of Jiyva.
    36 | D        | Found a hazy altar of Hepliaklqana.
    36 | D        | Found an opulent altar of Gozag.
    37 | D        | Found a glowing golden altar of the Shining One.
    37 | D        | Found a glowing silver altar of Zin.
    37 | D        | Found a basalt altar of Yredelemnul.
    37 | D        | Found a shimmering altar of Xom.
    37 | D        | Found an ornate altar of the Wu Jian Council.
    37 | D        | Found a sacrificial altar of Ru.
    37 | D        | Found a stormy altar of Qazlal.
    37 | D        | Found an iron altar of Okawaru.
    37 | D        | Found a sparkling altar of Nemelex Xobeh.
    37 | D        | Found a burning altar of Makhleb.
    37 | D        | Found a blossoming altar of Fedhas.
    37 | D        | Found a white marble altar of Elyvilon.
    37 | D        | Found a shadowy altar of Dithmenos.
    37 | D        | Found a snail-covered altar of Cheibriados.
    38 | D        | Found a radiant altar of Vehumet.
    38 | D        | Found a corrupted altar of Lugonu.
    38 | D        | Found a roughly hewn altar of Beogh.
    40 | D        | Became a worshipper of Trog the Wrathful
    42 | D        | Killed a wight
    42 | D        | Reached skill level 5 in Fighting
    42 | D        | Reached skill level 5 in Armour
    42 | D        | Reached skill level 5 in Shields
    42 | D        | Reached XP level 2. HP: 28/30 MP: 1/1
    42 | D        | Reached XP level 3. HP: 34/37 MP: 2/2
    78 | D        | Killed a quicksilver dragon
   152 | D        | Noticed a sea snake
   161 | D        | Mangled by a sea snake

Illustrated notes

Levels and vault maps discovered:
D:        pitsprint [storerooms_1, entrance_room_1, metal_vault_3, armoury_1,
          mini_pit_1, grid_room_1, main_hall_1, silver_pit, the_coven_2,
          the_vestibule_1, steel_vault_1, golden_pit, hallway_of_sentries,
          crystal_vault_6, iron_vault_1, final_vault]

Skill      XL: |  1 |
---------------+----+-----
Fighting       | 5 |  5.7
Axes           | 3 |  3.8
Armour         | 5 |  5.4
Shields        | 5 |  5.8

Action                   || total
-------------------------++-------
Melee: War axe           ||    14
       Headbutt          ||     1
  Use: Potion            ||     2
Armor: Scale mail        ||     2
Dodge: Dodged            ||     5
Block: Kite shield       ||    14

Table legend: (Time is in decaauts)
 A = Elapsed time spent in this place.
 B = Non-inter-level travel time spent in this place.
 C = Inter-level travel time spent in this place.
 D = Time resting spent in this place.
 E = Time spent auto-exploring this place.
 F = Levels seen in this place.
 G = Mean time per level.
                   A        B        C        D        E       F      G
               +--------+--------+--------+--------+--------+-----+--------+
         Total |    177 |    177 |      0 |     81 |     11 |   1 |  177.0 |
       Dungeon |    177 |    177 |      0 |     81 |     11 |   1 |  177.0 |
               +--------+--------+--------+--------+--------+-----+--------+

Top non-repeatable levels by time:
       D: 177 daAuts
